 Dungeon Crawl Stone Soup version 0.17.2 (webtiles) character file.

59 Goblin1989 the Sneak (level 4, 0/23 HPs)
             Began as a Vine Stalker Assassin on May 27, 2016.
             Slain by Edmund
             ... wielding a +4 flail of protection
              (4 damage)
             ... on level 4 of the Dungeon.
             The game lasted 00:03:56 (355 turns).

Goblin1989 the Sneak (Vine Stalker Assassin)         Turns: 355, Time: 00:03:56

Health: 0/23       AC:  3    Str: 13    XL:     4   Next: 3%
Magic:  0/5        EV: 11    Int: 11    God:
Gold:   77         SH:  0    Dex: 17    Spells: 0 memorised, 3 levels left

rFire  . . .     SeeInvis .     a - +2 dagger
rCold  . . .     Clarity  .     c - +0 robe
rNeg   . . .     SustAt   .     (no shield)
rPois  .         Gourm    .     (no helmet)
rElec  .         Spirit   +     d - +0 cloak
rCorr  .         Warding  .     (no gloves)
rMut   +         Stasis   .     (no boots)
MR     .....                    j - amulet of resist mutation {rMut, !d}
Stlth  +++.......               (no ring)
                                (no ring)

@: not resistant to hostile enchantments, fairly stealthy
A: fangs 2, regeneration 1, magic shield, antimagic bite, no device heal 3, rot
immunity
a: no special abilities


You were on level 4 of the Dungeon.
You were not hungry.

You visited 1 branch of the dungeon, and saw 4 of its levels.

You collected 77 gold pieces.

Inventory:

Hand Weapons
 a - a +2 dagger (weapon)
 q - a +0 blowgun
Missiles
 e - 3 poisoned needles
 f - a curare-tipped needle
 n - a stone (quivered)
Armour
 c - a +0 robe (worn)
 d - a +0 cloak (worn)
Jewellery
 j - an amulet of resist mutation (around neck) {rMut, !d}
Scrolls
 h - a scroll of magic mapping {unknown}
 k - a scroll of enchant armour {unknown}
 m - a scroll of identify {unknown}
 o - a scroll of random uselessness {unknown}
 p - a scroll of fear {unknown}
Potions
 b - a potion of magic {unknown}
 i - a potion of haste {unknown}
 l - 2 potions of curing {unknown}
Comestibles
 g - a bread ration


   Skills:
 - Level 1.7 Fighting
 * Level 2.4 Short Blades
 - Level 1.7 Throwing
 - Level 0.7 Dodging
 + Level 6.4 Stealth


You had 3 spell levels left.
You didn't know any spells.

Dungeon Overview and Level Annotations

Branches:
Dungeon (4/15)
 Temple: D:4-7

Altars:
Beogh

Annotations:
D:4 Edmund


Innate Abilities, Weirdness & Mutations

You have extremely sharp teeth.
Your natural rate of healing is unusually fast.
When hurt, damage is shared between your health and your magic reserves.
Your bite disrupts and absorbs the magic of your enemies.
Potions and wands cannot restore your health.
You are immune to rotting.


Message History

You take 5 damage, and have 18/23 hp.
MASSIVE DAMAGE!!
You now have 4/5 mp.
You hit Edmund but do no damage. You bite Edmund, but do no damage.
You hit Edmund but do no damage. You closely miss Edmund.
Your bite misses Edmund. Edmund barely misses you.
You hit Edmund but do no damage. You hit Edmund.
Edmund hits you with a flail of protection.
You take 5 damage, and have 14/23 hp.
MASSIVE DAMAGE!!
You now have 3/5 mp.
You hit Edmund but do no damage. You bite Edmund, but do no damage.
You hit Edmund. You bite Edmund, but do no damage.
Edmund hits you with a flail of protection!
You take 8 damage, and have 7/23 hp.
MASSIVE DAMAGE!!
You now have 2/5 mp.
You hit Edmund.
Edmund is no longer moving slowly.
You hit Edmund but do no damage.
Edmund hits you with a flail of protection!
* * * LOW HITPOINT WARNING * * *
You take 5 damage, and have 2/23 hp.
MASSIVE DAMAGE!!
You now have 0/5 mp.
You closely miss Edmund. Your bite misses Edmund.
Edmund hits you with a flail of protection.
You die...

#....... . #......
. #.....# .# #
#....(##.#.. .
#....(......
...###..........#
.................
. #..#@......#
....#..#@#####.#
..............#. #
.?...#..#.#.......
.....#..#.#.#.#.#
.... #..#.#.#... .
... #..#.#...#...
... #..#.#.......
#..#.<.......


You could see Edmund.

Vanquished Creatures
  An orc priest (D:3)
  2 orcs (D:3)
  4 bats
  4 goblins
  2 hobgoblins (D:1)
  3 jackals (D:2)
  A giant cockroach (D:1)
  A giant newt (D:2)
  3 kobolds (D:1)
21 creatures vanquished.

Notes
Turn   | Place    | Note
--------------------------------------------------------------
     0 | D:1      | Goblin1989 the Vine Stalker Assassin began the quest for the Orb.
     0 | D:1      | Reached XP level 1. HP: 11/11 MP: 2/2
     9 | D:1      | Noticed an electric eel
    51 | D:1      | Reached skill level 5 in Stealth
   135 | D:1      | Reached XP level 2. HP: 15/15 MP: 3/3
   256 | D:3      | Found a roughly hewn altar of Beogh.
   267 | D:3      | Reached skill level 6 in Stealth
   267 | D:3      | Reached XP level 3. HP: 9/18 MP: 2/4
   296 | D:3      | Reached XP level 4. HP: 20/23 MP: 5/5
   329 | D:4      | Noticed Edmund
   355 | D:4      | Slain by Edmund

Action                   |  1- 3 |  4- 6 || total
-------------------------+-------+-------++-------
Melee: Dagger            |    52 |    14 ||    66
 Fire: Blowgun           |     3 |     5 ||     8
 Stab: Sleeping          |     1 |     1 ||     2
